 Dungeon Crawl Stone Soup version 0.31-a0-1499-ge0622b2318 (webtiles) character file.

Game seed: 5895916628330540845

48351 jlumianski the Grappler (level 14, 0/110 HPs)
             Began as a Gnoll Shapeshifter on Dec 29, 2023.
             Was a High Priest of Wu Jian.
             Slain by a spriggan rider
             ... wielding a +2 spear of pain
              (6 damage)
             ... on level 5 of the Lair of Beasts on Dec 30, 2023.
             The game lasted 01:24:01 (18839 turns).

jlumianski the Grappler (Gnoll Shapeshifter)       Turns: 18839, Time: 01:24:05

Health: 0/110      AC: 32    Str: 17    XL:     14   Next: 46%
Magic:  27/27      EV: 10    Int: 16    God:    Wu Jian [*****.]
Gold:   630        SH:  0    Dex: 13    Spells: 32/32 levels left

rFire   + . .        y - +10 mace of Wonuteiz {spect, rF+ Int+3}
rCold   . . .        (no shield)
rNeg    . . .        l - +8 orange crystal plate armour {Archmagi, Int+3 Clar}
rPois   .            (helmet currently unavailable)
rElec   .            (cloak currently unavailable)
rCorr   .            (gloves currently unavailable)
SInv    .            (boots currently unavailable)
Will    +....        (no amulet) Stlth
                     L - +4 ring of protection
HPRegen 0.38/turn    J - +5 ring of evasion
MPRegen 0.20/turn

%: clarity, archmagi
@: beast-form
A: beast (slay +4), fangs 1, strong nose, distributed training
a: Begin Untransformation, Renounce Religion, Wall Jump, Serpent's Lash,
Heavenly Storm


You were on level 5 of the Lair of Beasts.
You worshipped Wu Jian.
Wu Jian was extremely pleased with you.
You were a hulking beast.
You visited 2 branches of the dungeon, and saw 18 of its levels.
You also visited: Sewer.

You collected 2219 gold pieces.
You spent 1589 gold pieces at shops.

Inventory:

Hand Weapons
 y - the +10 mace of Wonuteiz (weapon) {spect, rF+ Int+3}
   (You found it on level 3 of the Dungeon)

   Int+3:     It affects your intelligence (+3).
   rF+:       It protects you from fire.
 E - the +11 trident "Vuideys" {freeze, Str+3}
   (You found it on level 4 of the Lair of Beasts)

   Str+3:     It affects your strength (+3).
 M - the +4 long sword "Pioreisa" {pain, rC- rN+ Str+5 SInv}
   (You found it on level 5 of the Dungeon)

   Str+5:     It affects your strength (+5).
   rC-:       It makes you vulnerable to cold.
   rN+:       It protects you from negative energy.
   SInv:      It lets you see invisible.
Missiles
 B - 36 poisoned darts (quivered)
 N - a throwing net
 O - 8 boomerangs
 U - 5 atropa-tipped darts
Armour
 a - a +0 pair of boots
 l - the +8 orange crystal plate armour (worn) {Archmagi, Int+3 Clar}
   (You bought it in a shop on level 12 of the Dungeon)

   Int+3:     It affects your intelligence (+3).
   Clar:      It protects you from confusion, rage, mesmerisation and fear.
Jewellery
 e - a ring of fire
 i - a ring of flight
 r - a ring of ice
 t - a ring of willpower
 v - a ring of positive energy
 x - an amulet of magic regeneration
 J - a +5 ring of evasion (right hand)
 L - a +4 ring of protection (left hand)
Talismans
 c - a beast talisman
Wands
 u - a wand of mindburst (13)
 z - a wand of light (2)
 A - a wand of digging (7)
 F - a wand of roots (34)
 H - a wand of charming (5)
 T - a wand of flame (46)
Scrolls
 d - a scroll of amnesia
 g - 2 scrolls of revelation
 n - a scroll of blinking
 o - a scroll of vulnerability
 p - a scroll of torment {unknown}
 q - 2 scrolls of fog
 s - 4 scrolls of fear
 w - 5 scrolls of teleportation
 D - a scroll of silence
 I - a scroll of poison
Potions
 b - 2 potions of haste
 f - 4 potions of curing
 h - 3 potions of invisibility
 j - 2 potions of brilliance
 k - 2 potions of mutation
 m - 5 potions of heal wounds
 C - 2 potions of lignification
 K - 2 potions of berserk rage
 V - 3 potions of enlightenment
 X - 2 potions of attraction
 Y - 2 potions of cancellation


   Skills:
 + Level 10.0 Fighting
 + Level 9.6 Short Blades
 + Level 9.6 Long Blades
 + Level 9.6 Axes
 + Level 9.6 Maces & Flails
 + Level 9.6 Polearms
 + Level 9.6 Staves
 + Level 9.6 Ranged Weapons
 + Level 9.6 Throwing
 + Level 9.6 Armour
 + Level 10.6 Dodging
 + Level 9.6 Stealth
 + Level 9.6 Shields
 + Level 11.5 Unarmed Combat
 + Level 9.6 Spellcasting
 + Level 8.0 Conjurations
 + Level 8.0 Hexes
 + Level 8.0 Summonings
 + Level 8.0 Necromancy
 + Level 8.0 Translocations
 + Level 8.0 Fire Magic
 + Level 8.0 Ice Magic
 + Level 8.0 Air Magic
 + Level 8.0 Earth Magic
 + Level 8.0 Alchemy
 + Level 10.4 Invocations
 + Level 9.6 Evocations
 + Level 10.9 Shapeshifting


You had 32 spell levels left.
You didn't know any spells.
Your spell library contained the following spells:

 Spells                   Type           Power      Damage    Failure   Level
 Blink                    Tloc           100%       N/A       75%         2
 Call Imp                 Summ           100%       N/A       75%         2
 Ensorcelled Hibernation  Hex/Ice        100%       N/A       75%         2
 Lesser Beckoning         Tloc           100%       N/A       75%         2
 Momentum Strike          Conj/Tloc      100%       3d10      75%         2
 Static Discharge         Conj/Air       100%       3-8/arc   75%         2
 Sublimation of Blood     Necr           50%        N/A       75%         2
 Fugue of the Fallen      Necr           50%        N/A       93%         3
 Airstrike                Air            25%        2d(4-20)  100%        4
 Anguish                  Hex/Necr       25%        N/A       100%        4
 Cause Fear               Hex            25%        N/A       100%        4
 Passage of Golubria      Tloc           50%        N/A       100%        4
 Petrify                  Alch/Erth      50%        N/A       100%        4
 Summon Lightning Spire   Summ/Air       50%        N/A       100%        4
 Fireball                 Conj/Fire      25%        3d11      100%        5
 Irradiate                Conj/Alch      25%        3d20      100%        5
 Silence                  Hex/Air        25%        N/A       100%        5
 Summon Forest            Summ/Tloc      25%        N/A       100%        5
 Summon Mana Viper        Hex/Summ       50%        N/A       100%        5
 Summon Cactus Giant      Summ           25%        N/A       100%        6
 Summon Hydra             Summ           25%        N/A       100%        7
 Lehudib's Crystal Spear  Conj/Erth      25%        10d7      100%        8
 Dragon's Call            Summ           25%        N/A       100%        9


Dungeon Overview and Level Annotations

Branches:
Dungeon (13/15)            Temple (0/1) D:6            Lair (5/5) D:10
  Swamp (0/4) Lair:3        Snake (0/4) Lair:2          Orc (0/2) D:11
  Sewer (visited)
  Slime: Lair:4-5    Vaults: D:13-14

Altars:
Ashenzari
Dithmenos
Elyvilon
Hepliaklqana
Makhleb
Nemelex Xobeh
Okawaru
Ru
Trog
Uskayaw
Vehumet
Wu Jian
Xom

Shops:
D:7 [   D:12 [

Annotations:
D:13 Rupert


Innate Abilities, Weirdness & Mutations

You are a hulking beast.
Your limbs bulge with bestial killing power. (Slay +4)
You have very sharp teeth.
Your uncanny sense of smell can sniff out nearby items.
Your experience applies equally to all skills.


Message History

Your +10 mace of Wonuteiz {spect, rF+ Int+3} hits the spriggan.
The wolf bites you but does no damage.
The spriggan rider completely misses you.
You sock the spriggan!
You kill the spriggan!
The Council accepts your kill.
Your +10 mace of Wonuteiz {spect, rF+ Int+3} disappears.
The wolf bites you but does no damage. x2
The spriggan rider hits you from afar with a +2 spear of pain.
* * * LOW HITPOINT WARNING * * *
You writhe in agony.
* * * LOW HITPOINT WARNING * * *
The wolf attacks as it pursues you! The wolf bites you but does no damage.
Things that are here:
11 gold pieces; a +0 dagger; a +0 robe The wolf bites you but does no damage.
The spriggan rider hits you from afar with a +2 spear of pain.
* * * LOW HITPOINT WARNING * * *
You writhe in agony.
* * * LOW HITPOINT WARNING * * *
You bludgeon the wolf!!
You kill the wolf!
The Council accepts your kill.
Your Fighting skill increases to level 10!
You lunge at the spriggan rider.
The spriggan rider blocks your attack.
Your +10 mace of Wonuteiz {spect, rF+ Int+3} barely misses the spriggan rider.
The spriggan rider hits you but does no damage.
You writhe in agony.
* * * LOW HITPOINT WARNING * * *
Items here: $ ) [ †.
The spriggan rider blocks your attack.
Your +10 mace of Wonuteiz {spect, rF+ Int+3} misses the spriggan rider.
The spriggan rider hits you with a +2 spear of pain!
* * * LOW HITPOINT WARNING * * *
You miss the spriggan rider.
Your +10 mace of Wonuteiz {spect, rF+ Int+3} hits the spriggan rider but does no damage.
The spriggan rider hits you with a +2 spear of pain!
* * * LOW HITPOINT WARNING * * *
You writhe in agony.
You die...

##....†....#.......<.#
#.............#.....##
##.........##.##.#.###
###......#######.## #
## #.....## ### #P
#.##...#.# #.
#.##.P....## #.
..#....().##
........ih.#
.......P#### ........#
....##..# ...# ####
..! .. ## #.##


You could see a spriggan rider and a friendly +10 mace of Wonuteiz {spect, rF+
Int+3}.

Vanquished Creatures
  An eleionoma (Lair:3)
  Erolcha (D:9)
  3 hydras
  2 boulder beetles
  7 two-headed ogres
  4 death yaks (Lair:3)
  Nergalle (D:11)
  2 cyclopes
  Maurice (D:7)
  3 oklob plants (Lair:4)
  4 black mambas
  9 cane toads
  2 kobold demonologists (D:11)
  2 rime drakes
  7 komodo dragons
  2 hornets
  8 trolls
  2 polar bears
  Prince Ribbit (D:5)
  13 blink frogs
  3 dream sheep (D:7)
  3 vampires
  A slime creature (Lair:1)
  Sigmund (D:5)
  5 spriggans (Lair:5)
  A wraith (D:6)
  4 wyverns
  2 shadows
  Eustachio (D:4)
  48 yaks
  4 steam dragons
  2 vampire mosquitoes (D:12)
  3 basilisks
  An acid dragon (D:9)
  2 swamp worms (Lair:3)
  20 water moccasins
  3 sky beasts
  8 orc warriors
  Pargi (Sewer)
  5 black bears
  An ice beast (D:8)
  29 wolves
  10 centaurs
  4 ogres (D:5)
  2 boggarts (Lair:5)
  3 phantoms
  5 kobold brigands
  2 brain worms (Sewer)
  4 scorpions (D:5)
  10 bullfrogs
  3 gnoll sergeants
  9 wights
  4 electric eels
  6 howler monkeys
  A bombardier beetle (D:5)
  8 jellies
  2 sleepcaps
  A gnoll bouda (D:7)
  4 orc priests
  5 hounds
  A scorpion zombie (D:2)
  5 iguanas
  11 orc wizards
  6 adders
  10 gnolls
  2 shadow imps
  3 white imps
  4 ufetubi
  2 adder zombies (D:2)
  2 adder skeletons (D:2)
  5 dart slugs
  44 orcs
  A bat zombie (D:2)
  21 endoplasms
  5 giant cockroaches
  6 hobgoblins
  13 kobolds
  6 quokkas
  12 ball pythons
  7 bats
  4 frilled lizards
  3 giant cockroach zombies (D:2)
  4 goblins
  2 quokka zombies (D:2)
  7 rats
492 creatures vanquished.

Vanquished Creatures (others)
  An orc (D:10)
  6 spectral weapons
7 creatures vanquished.

Grand Total: 499 creatures vanquished

Notes
Turn   | Place    | Note
-------+----------+-------------------------------------------
     0 | D:1      | jlumianski the Gnoll Shapeshifter began the quest for the
                  | Orb.
     0 | D:1      | Reached XP level 1. HP: 17/17 MP: 1/1
   133 | D:2      | Reached XP level 2. HP: 23/23 MP: 2/2
   256 | D:2      | Found a shimmering altar of Xom.
   524 | D:1      | Reached XP level 3. HP: 25/28 MP: 3/3
  1062 | D:2      | Reached skill level 1 in Invocations
  1162 | D:1      | Reached skill level 1 in Short Blades
  1162 | D:1      | Reached skill level 1 in Long Blades
  1162 | D:1      | Reached skill level 1 in Axes
  1162 | D:1      | Reached skill level 1 in Maces & Flails
  1162 | D:1      | Reached skill level 1 in Polearms
  1162 | D:1      | Reached skill level 1 in Staves
  1162 | D:1      | Reached skill level 1 in Ranged Weapons
  1162 | D:1      | Reached skill level 1 in Throwing
  1162 | D:1      | Reached skill level 1 in Armour
  1162 | D:1      | Reached skill level 1 in Stealth
  1162 | D:1      | Reached skill level 1 in Shields
  1162 | D:1      | Reached skill level 1 in Spellcasting
  1162 | D:1      | Reached skill level 1 in Evocations
  1193 | D:1      | Reached XP level 4. HP: 34/34 MP: 5/5
  1354 | D:2      | Reached skill level 1 in Conjurations
  1354 | D:2      | Reached skill level 1 in Hexes
  1354 | D:2      | Reached skill level 1 in Summonings
  1354 | D:2      | Reached skill level 1 in Necromancy
  1354 | D:2      | Reached skill level 1 in Translocations
  1354 | D:2      | Reached skill level 1 in Fire Magic
  1354 | D:2      | Reached skill level 1 in Ice Magic
  1354 | D:2      | Reached skill level 1 in Air Magic
  1354 | D:2      | Reached skill level 1 in Earth Magic
  1354 | D:2      | Reached skill level 1 in Alchemy
  1383 | D:3      | Found a glowing drain.
  1415 | Sewer    | Entered a sewer
  1436 | Sewer    | Noticed a brain worm
  1437 | Sewer    | Noticed Pargi
  1440 | Sewer    | Killed a brain worm
  1441 | Sewer    | Reached XP level 5. HP: 27/41 MP: 4/7
  1448 | Sewer    | Killed Pargi
  1449 | Sewer    | Reached skill level 5 in Dodging
  1449 | Sewer    | Reached XP level 6. HP: 47/47 MP: 5/8
  2319 | D:3      | Found an iron altar of Okawaru.
  2350 | D:3      | Identified the +10 mace of Wonuteiz {spect, rF+ Int+3}
  2744 | D:5      | Entered Level 5 of the Dungeon
  2754 | D:5      | Reached skill level 7 in Unarmed Combat
  2754 | D:5      | Reached XP level 7. HP: 45/52 MP: 10/10
  3480 | D:4      | Found a radiant altar of Vehumet.
  3618 | D:4      | Noticed Eustachio
  3669 | D:4      | Killed Eustachio
  4269 | D:5      | Reached XP level 8. HP: 60/60 MP: 12/12
  4450 | D:5      | Identified the +4 long sword "Pioreisa" {pain, rC- rN+
                  | Str+5 SInv}
  4868 | D:5      | Noticed Sigmund
  4877 | D:5      | Killed Sigmund
  4878 | D:5      | Found a faded altar of an unknown god.
  4879 | D:5      | Found a hazy altar of Hepliaklqana.
  4934 | D:5      | Reached XP level 9. HP: 51/66 MP: 14/14
  4967 | D:6      | Found a sacrificial altar of Ru.
  4970 | D:6      | Identified the +0 leather armour of Jetinyica {+Inv rF+
                  | MP+9 Str+4}
  4971 | D:6      | Noticed Prince Ribbit
  4997 | D:5      | Killed Prince Ribbit
  4998 | D:5      | Reached skill level 5 in Fighting
  5060 | D:6      | Found a staircase to the Ecumenical Temple.
  5101 | D:6      | You fall into a shaft and drop 3 floors!
  5111 | D:9      | Noticed a two-headed ogre
  5117 | D:9      | Killed a two-headed ogre
  5118 | D:9      | Reached skill level 8 in Unarmed Combat
  5118 | D:9      | Reached skill level 5 in Invocations
  5124 | D:9      | Found a hide-covered altar of Uskayaw.
  5401 | D:9      | Noticed a troll
  5414 | D:9      | Killed a troll
  5515 | D:9      | Noticed a two-headed ogre
  5520 | D:9      | Killed a two-headed ogre
  5521 | D:9      | Reached skill level 5 in Short Blades
  5521 | D:9      | Reached skill level 5 in Long Blades
  5521 | D:9      | Reached skill level 5 in Axes
  5521 | D:9      | Reached skill level 5 in Maces & Flails
  5521 | D:9      | Reached skill level 5 in Polearms
  5521 | D:9      | Reached skill level 5 in Staves
  5521 | D:9      | Reached skill level 5 in Ranged Weapons
  5521 | D:9      | Reached skill level 5 in Throwing
  5521 | D:9      | Reached skill level 5 in Armour
  5521 | D:9      | Reached skill level 5 in Stealth
  5521 | D:9      | Reached skill level 5 in Shields
  5521 | D:9      | Reached skill level 5 in Spellcasting
  5521 | D:9      | Reached skill level 5 in Evocations
  5521 | D:9      | Reached XP level 10. HP: 15/76 MP: 17/17
  5726 | D:9      | Noticed a two-headed ogre
  5739 | D:9      | Killed a two-headed ogre
  6232 | D:8      | Found a shimmering altar of Xom.
  6232 | D:8      | Found an ornate altar of the Wu Jian Council.
  6239 | D:8      | Became a worshipper of the Wu Jian Council
  6409 | D:8      | HP: 2/77 [orc warrior/+0 mace (4)]
  6715 | D:7      | Found a burning altar of Makhleb.
  6801 | D:7      | Reached skill level 9 in Unarmed Combat
  6805 | D:7      | Reached skill level 5 in Conjurations
  6805 | D:7      | Reached skill level 5 in Hexes
  6805 | D:7      | Reached skill level 5 in Summonings
  6805 | D:7      | Reached skill level 5 in Necromancy
  6805 | D:7      | Reached skill level 5 in Translocations
  6805 | D:7      | Reached skill level 5 in Fire Magic
  6805 | D:7      | Reached skill level 5 in Ice Magic
  6805 | D:7      | Reached skill level 5 in Air Magic
  6805 | D:7      | Reached skill level 5 in Earth Magic
  6805 | D:7      | Reached skill level 5 in Alchemy
  6810 | D:7      | Reached XP level 11. HP: 20/83 MP: 20/20
  7245 | D:7      | Found Avoppuy's Armour Emporium.
  7293 | D:7      | Identified the +1 leather armour of Impatience {rF+ Int+3}
  7495 | D:7      | Reached * piety under Wu Jian
  7566 | D:7      | Found a white marble altar of Elyvilon.
  7769 | D:7      | Noticed Maurice
  7774 | D:7      | Something stole a beast talisman
  7778 | D:7      | Killed Maurice
  9231 | D:10     | Entered Level 10 of the Dungeon
  9398 | D:9      | Noticed Erolcha
  9418 | D:9      | Killed Erolcha
  9584 | D:10     | Paralysed by a hornet for 1 turns
 10089 | D:10     | Found a broken altar of Ashenzari.
 10164 | D:10     | Reached ** piety under Wu Jian
 10270 | D:11     | Found a staircase to the Orcish Mines.
 10448 | D:11     | Reached XP level 12. HP: 81/91 MP: 22/22
 10598 | D:11     | Identified a scroll of acquirement
 10914 | D:10     | Found a bloodstained altar of Trog.
 10960 | D:10     | Found a staircase to the Lair.
 11045 | D:10     | Found a shadowy altar of Dithmenos.
 11259 | D:11     | Noticed a boulder beetle
 11270 | D:11     | Killed a boulder beetle
 11352 | D:11     | Noticed an eight-headed hydra
 11357 | D:11     | Killed an eight-headed hydra
 11358 | D:11     | Reached skill level 10 in Unarmed Combat
 11810 | D:12     | Found Returi's Armour Emporium.
 11811 | D:12     | Noticed a two-headed ogre
 11818 | D:12     | Killed a two-headed ogre
 11837 | D:12     | Acquired 809 gold pieces
 11843 | D:12     | Bought the +8 orange crystal plate armour {Archmagi, Int+3
                  | Clar} for 1589 gold pieces
 11843 | D:12     | Found the +8 orange crystal plate armour {Archmagi, Int+3
                  | Clar}
 12128 | D:12     | Noticed a sun demon
 12132 | D:12     | Noticed a two-headed ogre
 12134 | D:11     | Noticed a sun demon
 12172 | D:11     | Reached *** piety under Wu Jian
 12218 | D:11     | Killed a two-headed ogre
 12263 | D:11     | Noticed Nergalle
 12269 | D:11     | Killed Nergalle
 12850 | D:12     | Noticed a two-headed ogre
 12850 | D:12     | Noticed a two-headed ogre
 12882 | D:11     | Killed a two-headed ogre
 12997 | D:12     | Killed a two-headed ogre
 13164 | D:12     | Reached XP level 13. HP: 99/99 MP: 25/25
 13167 | D:12     | Reached skill level 10 in Shapeshifting
 13197 | D:13     | Noticed Rupert
 13407 | Lair:1   | Entered Level 1 of the Lair of Beasts
 13922 | Lair:1   | Reached **** piety under Wu Jian
 15188 | Lair:2   | Reached ***** piety under Wu Jian
 15231 | Lair:2   | Reached skill level 10 in Dodging
 15231 | Lair:2   | Reached skill level 11 in Unarmed Combat
 15269 | Lair:2   | Found a staircase to the Snake Pit.
 15580 | Lair:2   | Found a sparkling altar of Nemelex Xobeh.
 15898 | Lair:3   | Found a staircase to the Swamp.
 15898 | Lair:3   | Noticed an eleionoma
 15905 | Lair:3   | Killed an eleionoma
 16994 | Lair:4   | Reached XP level 14. HP: 82/108 MP: 27/27
 16995 | Lair:4   | Reached skill level 10 in Invocations
 17794 | Lair:4   | Identified the +11 trident "Vuideys" {freeze, Str+3}
 17874 | Lair:5   | Entered Level 5 of the Lair of Beasts
 18825 | Lair:5   | Identified the +4 steam dragon scales of Decompression
                  | {Int+3}
 18837 | Lair:5   | Reached skill level 10 in Fighting
 18839 | Lair:5   | Slain by a spriggan rider

Illustrated notes

Levels and vault maps discovered:
D:1:      dpeg_arrival_shrine, layout_basic, minmay_pentomino_o2
D:2:      layout_loops_ring, basic_altar, serial_undead, serial_undead_f,
          serial_undead_f, serial_undead_a, serial_undead_c
D:3:      layout_basic, okawaru_metal_pillars_3, portal_sewer_entry_f,
          grunt_decor_cap
D:4:      layout_layer_cave, mainiacjoe_overflow_cross_hatched,
          kennysheep_opposing_triangles, uniq_eustachio
D:5:      layout_rooms, beargit_hepliaklqana_dungeon_heroes, minmay_circle_x
D:6:      minmay_clustersquares, layout_cave_pools, nicolae_ru_awakened_eye,
          minmay_temple_entry_mini_moons, uniq_prince_ribbit1
D:7:      layout_loops_ring, nicolae_elyvilon_temple_path,
          mainiacjoe_overflow_boulevard, serial_shops,
          nicolae_shop_gibbet_a_chance, dreamdust_gnoll_shepherd, uniq_maurice
D:8:      layout_basic, gammafunk_temple_overflow_wave
D:9:      layout_loops_ring, marbit_many_paths, roderic_roman_lattice,
          uniq_erolcha
D:10:     layout_cave_pools, mainiacjoe_overflow_paths, trog_book,
          kennysheep_little_box, erik_lair_island
D:11:     layout_roguey, kennysheep_orc_monster_closet_entryway, uniq_nergalle
D:12:     layout_long_grid, gauntlet_entry_generic, serial_shops, shop
D:13:     layout_loops_cross, hellmonk_vaults_order_and_chaos,
          guppyfry_shop_earth, uniq_rupert
Lair:1:   lemuel_slime, layout_hall_layers
Lair:2:   layout_big_grid, minmay_snake_entry_six_corridors,
          lemuel_centaur_altar
Lair:3:   layout_cellular_growth, alex1729_swamp_entry_worm_eleionoma,
          worms_lemuel
Lair:4:   layout_regular_city, dpeg_oklob_1
Lair:5:   minmay_lair_end_enchanted_forest, layout_cave_pods,
          dpeg_slime_entry_enclosed

Skill      XL: |  1  2  3  4  5  6  7  8  9 10 11 12 13 14 |
---------------+-------------------------------------------+-----
Invocations    | 1 2 3 4 5 6 7 8 9 10 | 10.4
Short Blades   | 1 2 3 5 6 7 8 9 |  9.6
Long Blades    | 1 2 3 5 6 7 8 9 |  9.6
Axes           | 1 2 3 5 6 7 8 9 |  9.6
Maces & Flails | 1 2 3 5 6 7 8 9 |  9.6
Polearms       | 1 2 3 5 6 7 8 9 |  9.6
Staves         | 1 2 3 5 6 7 8 9 |  9.6
Ranged Weapons | 1 2 3 5 6 7 8 9 |  9.6
Throwing       | 1 2 3 5 6 7 8 9 |  9.6
Armour         | 1 2 3 5 6 7 8 9 |  9.6
Stealth        | 1 2 3 5 6 7 8 9 |  9.6
Shields        | 1 2 3 5 6 7 8 9 |  9.6
Spellcasting   | 1 2 3 5 6 7 8 9 |  9.6
Evocations     | 1 2 3 5 6 7 8 9 |  9.6
Conjurations   | 1 2 3 4 5 6 7 8 |  8.0
Hexes          | 1 2 3 4 5 6 7 8 |  8.0
Summonings     | 1 2 3 4 5 6 7 8 |  8.0
Necromancy     | 1 2 3 4 5 6 7 8 |  8.0
Translocations | 1 2 3 4 5 6 7 8 |  8.0
Fire Magic     | 1 2 3 4 5 6 7 8 |  8.0
Ice Magic      | 1 2 3 4 5 6 7 8 |  8.0
Air Magic      | 1 2 3 4 5 6 7 8 |  8.0
Earth Magic    | 1 2 3 4 5 6 7 8 |  8.0
Alchemy        | 1 2 3 4 5 6 7 8 |  8.0
Fighting       | 3 4 5 6 7 8 9 10 | 10.0
Dodging        | 5 6 7 8 9 10 | 10.6
Unarmed Combat | 7 8 9 10 11 | 11.5
Shapeshifting  | 7 8 9 10 | 10.9

Action                     |  1- 3 |  4- 6 |  7- 9 | 10-12 | 13-15 || total
---------------------------+-------+-------+-------+-------+-------++-------
  Melee: Unarmed           |    73 |    92 |       |       |       ||   165
         Bite              |     4 |    10 |    10 |    76 |    64 ||   164
         Punch             |     2 |     9 |     2 |    25 |    33 ||    71
         Mace              |       |     8 |    99 |   433 |   466 ||  1006
         Long sword        |       |       |       |     5 |       ||     5
  Throw: Dart              |       |       |     5 |    29 |     8 ||    42
Ability: Lunge             |       |       |       |    32 |    30 ||    62
         Whirlwind         |       |       |       |    30 |    54 ||    84
         Wall Jump         |       |       |       |    29 |    48 ||    77
    Use: Potion            |     1 |     4 |       |    10 |       ||    15
         Scroll            |       |     2 |     4 |    10 |     4 ||    20
   Stab: Distracted        |       |       |     1 |     5 |     8 ||    14
 Armour: Animal skin       |    11 |       |       |       |       ||    11
         Scale mail        |    24 |    49 |     3 |       |       ||    76
         Skin              |       |    17 |       |       |       ||    17
         Chain mail        |       |       |    91 |    59 |       ||   150
         Plate armour      |       |       |       |   203 |       ||   203
         Crystal plate arm |       |       |       |    59 |   446 ||   505
  Dodge: Dodged            |    56 |    40 |    72 |   221 |   197 ||   586

Table legend: (Time is in decaauts)
 A = Elapsed time spent in this place.
 B = Non-inter-level travel time spent in this place.
 C = Inter-level travel time spent in this place.
 D = Time resting spent in this place.
 E = Time spent auto-exploring this place.
 F = Levels seen in this place.
 G = Mean time per level.
                   A        B        C        D        E       F      G
               +--------+--------+--------+--------+--------+-----+--------+
         Total |  19020 |  18594 |    426 |   2697 |   9443 |  19 | 1001.1 |
       Dungeon |  13680 |  13333 |    347 |   1860 |   6662 |  13 | 1052.3 |
          Lair |   5095 |   5017 |     78 |    739 |   2760 |   5 | 1019.0 |
         Sewer |    245 |    245 |      0 |     98 |     21 |   1 |  245.0 |
               +--------+--------+--------+--------+--------+-----+--------+

Top non-repeatable levels by time:
     D:9: 1797 daAuts
  Lair:4: 1415 daAuts
     D:4: 1404 daAuts
     D:7: 1393 daAuts
    D:11: 1323 daAuts
    D:10: 1301 daAuts
  Lair:3: 1266 daAuts
    D:12: 1263 daAuts
  Lair:1: 1123 daAuts
     D:8: 1108 daAuts
     D:1: 907 daAuts
     D:2: 882 daAuts
     D:5: 808 daAuts
  Lair:2: 770 daAuts
     D:6: 749 daAuts
